 Dungeon Crawl Stone Soup version 0.31-a0-479-g91c9547826 (webtiles) character file.

Game seed: 15397817757834590592

7251 Bnni the Geomancer (level 11, 0/85 HPs)
             Began as a Formicid Earth Elementalist on Aug 7, 2023.
             Was an Elder of Cheibriados.
             Slain by a yak (9 damage)
             ... on level 9 of the Dungeon.
             The game lasted 00:16:18 (7882 turns).

Bnni the Geomancer (Formicid Earth Elementalist)    Turns: 7882, Time: 00:16:19

Health: 0/85       AC:  7    Str: 27    XL:     11   Next: 33%
Magic:  3/18       EV: 12    Int: 28    God:    Cheibriados [****..]
Gold:   425        SH:  0    Dex: 28    Spells: 6/20 levels left

rFire   . . .        m - +4 hammer of Bloodstone {drain, rC+}
rCold   + + .        (no shield)
rNeg    . . .        s - +0 ring mail of the Accordion {rC+ Str+3 Dex+4}
rPois   .            (helmet unavailable)
rElec   .            c - +0 cloak
rCorr   .            (no gloves)
SInv    +            (no boots)
Will    +....        r - amulet of regeneration
Stlth   ++           (no ring)
HPRegen 1.14/turn    (no ring)
MPRegen 0.16/turn

%: no passive effects
@: brilliant, lethally poisoned (0 -> 0), very slow
A: permanent stasis, dig shafts and tunnels, antennae 3, four strong arms
a: Dig, Shaft Self, Renounce Religion, Bend Time, Temporal Distortion, Slouch


You were on level 9 of the Dungeon.
You worshipped Cheibriados.
Cheibriados was greatly pleased with you.
You visited 2 branches of the dungeon, and saw 10 of its levels.

You collected 425 gold pieces.

Inventory:

Hand Weapons
 m - the +4 hammer of Bloodstone (weapon) {drain, rC+}
   (You found it on level 4 of the Dungeon)

   rC:        It protects you from cold.
 v - a +0 short sword of venom
Missiles
 o - 13 poisoned darts
Armour
 c - a +0 cloak (worn)
 h - a +0 chain mail
 s - the +0 ring mail of the Accordion (worn) {rC+ Str+3 Dex+4}
   (You took it off a hobgoblin on level 4 of the Dungeon)

   Str:       It affects your strength (+3).
   Dex:       It affects your dexterity (+4).
   rC:        It protects you from cold.
 u - a +0 plate armour
Jewellery
 r - an amulet of regeneration (around neck)
Scrolls
 e - 3 scrolls of revelation
 f - 3 scrolls of poison {unknown}
 g - 3 scrolls of enchant armour
 i - 3 scrolls of enchant weapon {unknown}
 j - 2 scrolls of amnesia {unknown}
 k - 2 scrolls of fear {unknown}
 n - a scroll of fog {unknown}
 p - a scroll of immolation {unknown}
Potions
 a - a potion of lignification
 b - a potion of magic
 l - a potion of enlightenment
 q - a potion of resistance
 t - a potion of might


   Skills:
 + Level 7.7 Fighting
 + Level 5.8 Armour
 - Level 1.7 Dodging
 - Level 2.4 Stealth
 - Level 5.0 Spellcasting
 - Level 3.0 Conjurations
 - Level 3.0 Summonings
 - Level 3.0 Transmutations
 * Level 12.5 Earth Magic
 + Level 8.1 Invocations


You had 6 spell levels left.
You knew the following spells:

 Your Spells              Type           Power      Damage    Failure   Level
a - Sandblast             Erth           100%       2d20      1%          1
b - Passwall              Tmut/Erth      55%        N/A       1%          2
c - Stone Arrow           Conj/Erth      100%       3d13      1%          3
d - Petrify               Tmut/Erth      66%        N/A       3%          4
g - Animate Armour        Summ/Erth      100%       N/A       3%          4

Your spell library contained the following spells:

 Spells                   Type           Power      Damage    Failure   Level
 Ozocubu's Armour         Ice            10%        N/A       28%         3
 Ozocubu's Refrigeration  Ice            5%         4d8       100%        7
 Lehudib's Crystal Spear  Conj/Erth      33%        10d8      100%        8


Dungeon Overview and Level Annotations

Branches:
Dungeon (9/15)             Temple (1/1) D:4            Lair (0/5) D:9
    Orc (0/2) D:9

Altars:
Ashenzari
Cheibriados
Dithmenos
Elyvilon
Fedhas
Gozag
Hepliaklqana
Kikubaaqudgha
Makhleb
Nemelex Xobeh
Okawaru
Qazlal
Ru
Sif Muna
Trog
Uskayaw
Vehumet
Wu Jian
Xom
Yredelemnul
Zin
The Shining One


Innate Abilities, Weirdness & Mutations

You cannot be hasted, slowed, berserked, paralysed or teleported.
You can dig through walls and to a lower floor.
You have a pair of large antennae on your head. (SInv)
Your four strong arms can wield two-handed weapons with a shield.


Message History

You can feel time thicken for a moment.
You kill the wyvern!
Cheibriados thoroughly appreciates the change of pace.
You can now step out of the flow of time.
Cheibriados raises the support of your attributes as your movement slows.
You kill the yak!
Cheibriados appreciates the change of pace.
You kill the scorpion!
Cheibriados appreciates the change of pace.
You can no longer step out of the flow of time.
Cheibriados lowers the support of your attributes as your movement quickens.
You feel sick.
Your animated ring mail hits the basilisk. x2
The yak gores you.
* * * LOW HITPOINT WARNING * * *
Okay, then.
Okay, then.
Okay, then.
Okay, then.
It was a potion of brilliance.
You feel clever all of a sudden.
You feel sick.
Your animated ring mail barely misses the basilisk. x2
The yak closely misses you. The basilisk gazes at you.
You easily resist.
Aiming: Sandblast (safe; 1% risk of failure)
Press: ? - help, Q - select action, (/) - cycle Shift-Dir - straight line, f - basilisk
Aim: a basilisk (severely wounded, ally target, 82% to hit)
You feel a surge of power!
The blast of sand hits the basilisk!!
You kill the basilisk!
Cheibriados appreciates the change of pace.
You feel sick. The yak barely misses you.
Aiming: Sandblast (safe; 1% risk of failure)
Press: ? - help, Q - select action, (/) - cycle Shift-Dir - straight line, f - yak
Aim: a yak (heavily wounded, ally target, 91% to hit)
You feel a surge of power!
The blast of sand hits the yak!!
The yak is almost dead.
You feel sick. The yak gores you but does no damage. The yak gores you!
You die...

....##############......
. ..................#####
..♣..##..................
......##................#
.......##.........##....#
.....P.##.........##....)
.....†..#................
.....†.†#.†.......†......
>.P....[@..............##
.......♣Y................
........#..##............
....P..##..##...........>
.P..... #................
P.....# #................
.PP... #...##...........
♣## #...# ...........


You could see a yak (ally target) and a friendly animated ring mail (summoned).

Vanquished Creatures
  Erica (D:9)
  Pikel (D:6)
  The ghost of mohammadb5305 the Firebug, a novice HuFE (D:6)
  The ghost of iamserjio the Trooper, a novice OpCK of Xom (D:6)
  Psyche (D:8)
  A troll (D:9)
  3 wyverns (D:9)
  4 yaks
  A basilisk (D:9)
  Duvessa (D:5)
  A water moccasin (D:9)
  2 ice beasts
  An orc warrior (D:8)
  An ogre (D:4)
  A black bear (D:5)
  A centaur (D:9)
  A lemure (D:6)
  A bullfrog (D:8)
  A scorpion (D:9)
  9 wights
  Dowan (D:5)
  2 killer bees (D:9)
  A howler monkey (D:8)
  3 hounds (D:6)
  3 jellies
  3 orc priests
  Crazy Yiuf (D:4)
  2 gnoll boudas
  A sleepcap (D:5)
  An iguana (D:9)
  12 orc wizards
  6 adders
  10 gnolls
  A white imp (D:5)
  An ufetubus (D:5)
  A worm (D:3)
  3 dart slugs
  33 orcs
  13 ball pythons
  4 bats
  6 endoplasms
  4 goblins
  9 hobgoblins
  6 jackals
  8 quokkas
  11 kobolds
  4 rats
184 creatures vanquished.

Vanquished Creatures (collateral kills)
  3 yaks
  A warg (D:9)
  An orc warrior (D:8)
  A black bear (D:8)
  A kobold brigand (D:7)
  5 wights
  2 killer bees (D:9)
  3 howler monkeys (D:8)
  A jelly (D:8)
  4 orc priests
  An iguana (D:7)
  2 gnolls (D:8)
  A white imp (D:8)
  9 orcs
  A hobgoblin (D:9)
  2 kobolds (D:7)
38 creatures vanquished.

Grand Total: 222 creatures vanquished

Notes
Turn   | Place    | Note
-------+----------+-------------------------------------------
     0 | D:1      | Bnni the Formicid Earth Elementalist began the quest for
                  | the Orb.
     0 | D:1      | Reached XP level 1. HP: 13/13 MP: 3/3
   380 | D:1      | Reached XP level 2. HP: 19/19 MP: 3/5
   637 | D:1      | Reached XP level 3. HP: 7/25 MP: 0/6
  1017 | D:1      | Reached skill level 4 in Earth Magic
  1062 | D:2      | Reached skill level 1 in Conjurations
  1604 | D:2      | Reached XP level 4. HP: 31/31 MP: 6/8
  1944 | D:3      | Found a glowing golden altar of the Shining One.
  1948 | D:3      | Reached skill level 1 in Fighting
  2222 | D:3      | Learned a level 2 spell: Passwall
  2226 | D:3      | Learned a level 3 spell: Stone Arrow
  2460 | D:3      | Reached XP level 5. HP: 28/37 MP: 5/9
  3037 | D:4      | Noticed an ogre
  3049 | D:4      | Killed an ogre
  3050 | D:4      | Reached XP level 6. HP: 43/43 MP: 6/11
  3263 | D:4      | Identified the +0 ring mail of the Accordion {rC+ Str+3
                  | Dex+4}
  3379 | D:4      | Found a runed translucent door.
  3380 | D:4      | Noticed Crazy Yiuf
  3395 | D:4      | Found a white marble altar of Elyvilon.
  3501 | D:4      | Found a staircase to the Ecumenical Temple.
  3510 | Temple   | Entered the Ecumenical Temple
  3520 | Temple   | Became a worshipper of Cheibriados the Contemplative
  3678 | D:4      | Killed Crazy Yiuf
  3688 | D:4      | Identified the +4 hammer of Bloodstone {drain, rC+}
  3720 | D:5      | Entered Level 5 of the Dungeon
  3745 | D:5      | Noticed an ice beast
  3753 | D:5      | Killed an ice beast
  3754 | D:5      | Reached skill level 5 in Earth Magic
  3759 | D:5      | Learned a level 4 spell: Petrify
  3861 | D:5      | Reached skill level 1 in Invocations
  3939 | D:5      | Reached XP level 7. HP: 49/49 MP: 11/13
  3968 | D:5      | Found an ornate altar of the Wu Jian Council.
  4135 | D:5      | Reached skill level 1 in Summonings
  4271 | D:5      | Found a broken altar of Ashenzari.
  4364 | D:5      | Found a shadowy altar of Dithmenos.
  4388 | D:5      | Found a sacrificial altar of Ru.
  4438 | D:5      | Reached * piety under Cheibriados
  4547 | D:5      | Noticed Dowan
  4548 | D:5      | Noticed Duvessa
  4563 | D:5      | Killed Duvessa
  4564 | D:5      | Reached XP level 8. HP: 47/57 MP: 9/15
  4582 | D:5      | Reached skill level 6 in Earth Magic
  4585 | D:5      | Killed Dowan
  5102 | D:5      | Reached skill level 5 in Spellcasting
  5216 | D:6      | Reached skill level 7 in Earth Magic
  5379 | D:6      | Reached ** piety under Cheibriados
  5883 | D:6      | Noticed Pikel
  5902 | D:6      | Killed Pikel
  5903 | D:6      | Reached skill level 8 in Earth Magic
  5903 | D:6      | Reached XP level 9. HP: 26/66 MP: 4/16
  5988 | D:6      | Learned a level 4 spell: Animate Armour
  6035 | D:6      | Found a runed translucent gate.
  6035 | D:6      | Found a runed translucent gate.
  6035 | D:6      | Found a runed translucent gate.
  6035 | D:6      | Noticed mohammadb5305's ghost (novice HuFE)
  6035 | D:6      | Noticed iamserjio's ghost (novice OpCK)
  6258 | D:6      | Killed iamserjio's ghost
  6259 | D:6      | Reached skill level 5 in Fighting
  6259 | D:6      | Reached skill level 1 in Armour
  6259 | D:6      | Reached skill level 5 in Invocations
  6268 | D:6      | Killed mohammadb5305's ghost
  6269 | D:6      | Reached skill level 9 in Earth Magic
  6420 | D:7      | Reached XP level 10. HP: 62/75 MP: 6/17
  6423 | D:7      | Reached *** piety under Cheibriados
  6730 | D:8      | Noticed Psyche
  6734 | D:8      | Killed Psyche
  6735 | D:8      | Reached skill level 10 in Earth Magic
  7168 | D:8      | Reached **** piety under Cheibriados
  7172 | D:8      | Reached skill level 11 in Earth Magic
  7236 | D:8      | Found an iron altar of Okawaru.
  7652 | D:9      | Found a basalt altar of Yredelemnul.
  7720 | D:9      | Reached skill level 5 in Armour
  7725 | D:9      | Found a staircase to the Orcish Mines.
  7728 | D:9      | Reached XP level 11. HP: 84/84 MP: 16/18
  7738 | D:9      | Reached ***** piety under Cheibriados
  7739 | D:9      | Noticed Erica
  7743 | D:9      | Killed Erica
  7744 | D:9      | Reached skill level 12 in Earth Magic
  7869 | D:9      | Found a staircase to the Lair.
  7882 | D:9      | Slain by a yak

Illustrated notes

Levels and vault maps discovered:
D:1:      spicycebolla_arrival_xxxplode, layout_basic, grunt_decor_arrowhead,
          kennysheep_nondescript, minmay_split_cup_small
D:2:      layout_loops_cross, minmay_unequal
D:3:      layout_basic, tso_metal_star, minmay_three_crescents
D:4:      layout_loops_cross, elyvilon_altar_4,
          minmay_temple_entry_statues_fountains, minmay_misc_feat_four_crosses,
          hangedman_decor_points, uniq_crazy_yiuf_cottage
D:5:      layout_loops_corners, marbit_many_paths, mainiacjoe_overflow_alcove_2,
          mainiacjoe_overflow_big_doors, hangedman_decor_growths, uniq_duvessa
D:6:      layout_loops_ring, gammafunk_ghost_cemetery,
          minmay_misc_feat_ornament, uniq_pikel
D:7:      layout_basic
D:8:      layout_cave_pools, okawaru_altar_gauntlet_db, uniq_psyche
D:9:      layout_small_grid, overflow_temple_1_default, minmay_lair_entry_grove,
          erik_orc_4, uniq_erica
Temple:   eino_narrow_crystal_temple

Skill      XL: |  1  2  3  4  5  6  7  8  9 10 11 |
---------------+----------------------------------+-----
Earth Magic    | 4 5 8 9 11 12 | 12.5
Conjurations   | 1 2 3 |  3.0
Transmutations | 2 3 |  3.0
Fighting       | 1 2 4 5 7 |  7.7
Spellcasting   | 3 4 5 |  5.0
Invocations    | 1 2 4 5 7 8 |  8.1
Summonings     | 2 3 |  3.0
Armour         | 2 5 |  5.8
Dodging        | |  1.7
Stealth        | |  2.4

Action                     |  1- 3 |  4- 6 |  7- 9 | 10-12 || total
---------------------------+-------+-------+-------+-------++-------
  Melee: Unarmed           |     9 |     7 |       |       ||    16
         Mace              |       |     2 |    41 |    36 ||    79
         Dagger            |       |     2 |       |       ||     2
  Throw: Dart              |       |     3 |     3 |       ||     6
   Cast: Sandblast         |    47 |    65 |   128 |    78 ||   318
         Animate Armour    |       |       |     5 |    12 ||    17
 Invoke: Slouch            |       |       |       |     2 ||     2
    Use: Scroll            |       |     5 |       |     4 ||     9
         Potion            |       |       |       |     1 ||     1
   Stab: Distracted        |       |       |       |     1 ||     1
 Armour: Robe              |     1 |     7 |       |       ||     8
         Ring mail         |       |     3 |    46 |    31 ||    80
  Dodge: Dodged            |    26 |    37 |   105 |    71 ||   239

Table legend: (Time is in decaauts)
 A = Elapsed time spent in this place.
 B = Non-inter-level travel time spent in this place.
 C = Inter-level travel time spent in this place.
 D = Time resting spent in this place.
 E = Time spent auto-exploring this place.
 F = Levels seen in this place.
 G = Mean time per level.
                   A        B        C        D        E       F      G
               +--------+--------+--------+--------+--------+-----+--------+
         Total |   9351 |   9078 |    273 |    321 |   7157 |  10 |  935.1 |
       Dungeon |   9330 |   9066 |    264 |    321 |   7157 |   9 | 1036.7 |
        Temple |     20 |     12 |      8 |      0 |      0 |   1 |   20.0 |
               +--------+--------+--------+--------+--------+-----+--------+

Top non-repeatable levels by time:
     D:5: 1787 daAuts
     D:6: 1600 daAuts
     D:8: 1269 daAuts
     D:1: 1070 daAuts
     D:3: 1066 daAuts
     D:4: 885 daAuts
     D:2: 776 daAuts
     D:9: 442 daAuts
     D:7: 433 daAuts
  Temple: 20 daAuts
